AoeStats
← švist

Arena

505979072Analyzed
3v3 RM · 19d ago on Sep 11, 2026· 32m 13s· 6 players
Game mode
Random Map
Map size
Normal (6 player)
Population
200
Speed
Normal
Resources
Standard
Victory
Conquest
Starting age
Dark Age
Ending age
Imperial Age
RankedLock teamsTeams togetherTeam positionsShared explorationLock speedFull tech treeHidden civsTurbo modeCheats
Victory
Defeat
🇸🇮 Ethiopians · Slovenia
1123
+12
🇸🇮 Celts · Slovenia
1107
+13
🇸🇮 Vietnamese · Slovenia
1027
+16
🇨🇦 Malians · Canada
1064
-15
🇹🇷 Japanese · Türkiye
1044
-14
🇪🇸 Celts · Spain
985
-12
kinqpinq
0:30 Loom
12:15 Feudal Age
12:44 Town Watch
12:47 Double-Bit Axe
18:40 Castle Age
16:43 Stone Mining
16:56 Arson
17:16 Gold Mining
18:28 Forging
Croquetero
11:17 Feudal Age
14:52 Castle Age
14:10 Double-Bit Axe
19:03 Bow Saw
20:09 Wheelbarrow
19:25 Loom
20:13 Horse Collar
22:42 Gold Mining
22:42 Stone Mining
22:24 Man-at-Arms
26:11 Murder Holes
25:57 Treadmill Crane
BiggM4k
10:39 Feudal Age
15:00 Castle Age
13:28 Double-Bit Axe
14:03 Stone Mining
14:02 Horse Collar
16:54 Loom
17:22 Bow Saw
21:11 Wheelbarrow
23:48 Heavy Plow
24:36 Gold Mining
28:19 Imperial Age
25:26 Man-at-Arms
26:09 Squires
26:12 Scale Mail Armor
26:23 Forging
27:21 Chain Mail Armor
26:29 Long Swordsman
26:57 Arson
28:54 Iron Casting
28:33 Two-Handed Swordsman
29:36 Conscription
29:49 Plate Mail Armor
justaclown
1:57 Loom
10:54 Feudal Age
17:21 Castle Age
16:23 Horse Collar
16:36 Double-Bit Axe
18:28 Elite Skirmisher
23:15 Bow Saw
24:31 Town Watch
24:40 Fletching
27:26 Wheelbarrow
28:32 Town Patrol
31:21 Bodkin Arrow
31:45 Hand Cart
švist
11:25 Feudal Age
15:19 Castle Age
13:40 Double-Bit Axe
14:02 Horse Collar
18:08 Bow Saw
24:42 Wheelbarrow
25:01 Heavy Plow
25:18 Bow Saw
30:05 Imperial Age
28:03 Scale Mail Armor
28:13 Forging
29:12 Hand Cart
29:02 Man-at-Arms
29:28 Gambesons
30:00 Long Swordsman
30:55 Two-Handed Swordsman
Ragnar
11:19 Feudal Age
12:22 Double-Bit Axe
12:53 Horse Collar
15:15 Castle Age
16:36 Heavy Plow
21:20 Gold Mining
23:37 Scale Mail Armor
24:28 Wheelbarrow
25:58 Royal Heirs
28:23 Chain Mail Armor
30:34 Forging
32:51 Iron Casting
Connection lost

Rejoining the realm…

Still unreachable

The connection could not be restored.

Session expired

The server has moved on; the page needs a fresh start.